[Event "Late-Titled-Tuesday-Blitz-March-05-2024"]
[Site "Chess.com"]
[Date "2024.03.05"]
[Round "6"]
[White "andrzej"]
[Black "chess94cu"]
[Result "0-1"]
[WhiteElo "2492"]
[BlackElo "2652"]
[TimeControl "180+1"]
[EndTime "15:05:06 PST"]
[Termination "chess94cu won by checkmate"]

1. e4 c6 2. d4 d5 3. e5 Bf5 4. h4 h5 5. Bd3 Bxd3 6. Qxd3 e6 7. Nf3 Qa5+ 8. Nbd2 Qa6 9. c4 Bb4 10. O-O Ne7 11. b3 Nf5 12. a4 Nd7 13. Ba3 Bxa3 14. Rxa3 c5 15. Qb1 dxc4 16. Nxc4 cxd4 17. Rd1 O-O 18.
Nxd4 Nxh4 19. Qe4 Ng6 20. Nb5 Rad8 21. b4 Nc5 22. Qe1 Nxa4 23. Rxd8 Rxd8 24. Nbd6 b5 25. Qd1 Nxe5 26. Nxe5 Qxd6 27. Rd3 Qxe5 28. Rxd8+ Kh7 29. Rd7 Nc3 30. Qd3+ f5 31. Rxa7 Ne2+ 32. Kf1 Nf4 33. Qd1 Qe4 34. f3 Qxb4 35. Qa1 Qc4+ 36.
Kg1 Qc5+ 37. Kh2 e5 38. Ra6 Qf2 39. Qxe5 Qxg2# 0-1

[Event "Late-Titled-Tuesday-Blitz-March-05-2024"]
[Site "Chess.com"]
[Date "2024.03.05"]
[Round "6"]
[White "IMRosen"]
[Black "toninhojit"]
[Result "0-1"]
[WhiteElo "2659"]
[BlackElo "2536"]
[TimeControl "180+1"]
[EndTime "15:05:07 PST"]
[Termination "toninhojit won on time"]

1. e4 g6 2. d4 Bg7 3. Nf3 d6 4. Bc4 c6 5. Bb3 b5 6. c3 e6 7. h4 h6 8. Nbd2 Ne7 9. Nf1 d5 10. Ng3 h5 11. Bg5 Qc7 12. Qd2 Nd7 13. O-O Nb6 14.
Rfe1 a5 15. Bf4 Qd8 16. Ne5 a4 17. Bc2 Nc4 18. Nxc4 bxc4 19. a3 O-O 20. Bh6 dxe4 21. Nxe4 Nf5 22. Bxg7 Kxg7 23. g3 e5 24. dxe5 Qxd2 25.
Nxd2 Be6 26. Bxf5 gxf5 27. Nf3 Rab8 28. Re2 f4 29. Nd4 fxg3 30. f4 Bd5 31. Rd1 Kh7 32.
Rdd2 Rg8 33. Nf5 Rg4 34. Ne3 Rxf4 35. Nxd5 cxd5 36. Rxd5 Rxh4 37. Rd7 Kg6 38. Rd6+ Kg7 39. Kg2 Rg4 40. Rd7 Kf8 41. Ra7 h4 42. Rxa4 Kg7 43.
Rb4 Rh8 44. Kh3 Rf4 45. b3 Rf1 0-1

[Event "Late-Titled-Tuesday-Blitz-March-05-2024"]
[Site "Chess.com"]
[Date "2024.03.05"]
[Round "6"]
[White "Walter_White_Poland"]
[Black "Vesapesa"]
[Result "1-0"]
[WhiteElo "2359"]
[BlackElo "2227"]
[TimeControl "180+1"]
[EndTime "15:05:08 PST"]
[Termination "Walter_White_Poland won on time"]

1. e4 e5 2. Nf3 Nc6 3. Bb5 a6 4.
Ba4 d6 5. c3 Bd7 6. d4 Nge7 7.
d5 Nb8 8. c4 Bxa4 9. Qxa4+ Nd7 10. Nc3 Ng6 11. g3 Be7 12. h4 O-O 13. h5 Nh8 14. h6 g6 15. Be3 f5 16. O-O-O fxe4 17. Nd2 b5 18. Qc2 bxc4 19. Ndxe4 Nb6 20. f4 exf4 21. gxf4 Qd7 22. Ng5 Bxg5 23. fxg5 Rae8 24. Bxb6 cxb6 25. Ne4 b5 26. Rhf1 Qg4 27. Rxf8+ Rxf8 28. Nf6+ Rxf6 29. gxf6 Nf7 30. Kb1 Ne5 31. Rf1 Kf7 32. Qf2 Qe4+ 33. Ka1 Qxd5 34. Qa7+ 1-0

[Event "Late-Titled-Tuesday-Blitz-March-05-2024"]
[Site "Chess.com"]
[Date "2024.03.05"]
[Round "6"]
[White "semchik73"]
[Black "mightysmasher"]
[Result "0-1"]
[WhiteElo "2433"]
[BlackElo "2596"]
[TimeControl "180+1"]
[EndTime "15:05:09 PST"]
[Termination "mightysmasher won by checkmate"]

1. Nf3 d5 2. c4 e6 3. d4 Nf6 4. Nc3 Be7 5. Bg5 O-O 6. e3 c6 7. Bd3 dxc4 8. Bxc4 Nd5 9. Bxe7 Qxe7 10. O-O b6 11. e4 Nxc3 12. bxc3 Bb7 13. Ne5 Nd7 14. f4 Nf6 15. f5 exf5 16. Nxf7 Rxf7 17. Rxf5 Qxe4 18. Re5 Qg6 19. Bxf7+ Qxf7 20. Qe2 c5 21.
Re7 Qd5 22. Rd1 Rd8 23. c4 Qc6 24. d5 Qc8 25. Qe5 Qg4 26. Rf1 Ba6 27. Qc7 Rf8 28.
Kh1 Bxc4 29. Rfe1 Nxd5 30. Rxg7+ Qxg7 31. Qd6 Nf4 32. g3 Bd5+ 33. Kg1 Qd4+ 34. Kf1 Bg2# 0-1

[Event "Late-Titled-Tuesday-Blitz-March-05-2024"]
[Site "Chess.com"]
[Date "2024.03.05"]
[Round "6"]
[White "Kostukov_Alex"]
[Black "corvachesky"]
[Result "0-1"]
[WhiteElo "2333"]
[BlackElo "2507"]
[TimeControl "180+1"]
[EndTime "15:05:09 PST"]
[Termination "corvachesky won on time"]

1. g3 d5 2. Bg2 c6 3. d3 Nf6 4. e4 dxe4 5. dxe4 Qxd1+ 6. Kxd1 e5 7.
f3 Bc5 8. Nd2 O-O 9. c3 a5 10.
a4 Na6 11. Nc4 Rd8+ 12. Kc2 Nd7 13. Nxa5 f6 14. Nc4 Nf8 15. Bh3 Ne6 16. Be3 Bxe3 17. Nxe3 Nac5 18. a5 Nd3 19. Ne2 Nxb2 20. Nf5 Kf7 21.
Kxb2 Rd2+ 22. Kb3 Rxe2 23. Nd6+ Ke7 24. Nxc8+ Rxc8 25. a6 bxa6 26. Kc4 Ra8 27. Rhb1 Ng5 28. Rb7+ Kf8 29. Bg4 Rxh2 30. Rd1 h5 31. Bf5 Nxf3 32. Rdd7 Ng5 33. Kc5 Rg2 34. Rxg7 Rxg3 0-1

[Event "Late-Titled-Tuesday-Blitz-March-05-2024"]
[Site "Chess.com"]
[Date "2024.03.05"]
[Round "6"]
[White "kai_nov"]
[Black "ural58"]
[Result "0-1"]
[WhiteElo "2366"]
[BlackElo "2526"]
[TimeControl "180+1"]
[EndTime "15:05:10 PST"]
[Termination "ural58 won on time"]

1. d4 d5 2. c4 e5 3. dxe5 d4 4.
Nf3 Nc6 5. Nbd2 a5 6. Nb3 Bg4 7.
Nbxd4 Bc5 8. e3 Nxd4 9. exd4 Bxf3 10. Qxf3 Qxd4 11. a3 Ne7 12. Be2 Nc6 13. O-O O-O 14.
Bf4 Rae8 15. Qg3 Nxe5 16. Rfe1 Ng6 17. Bxc7 Qxb2 18. Bd3 b6 19. Bxg6 fxg6 20. Bf4 g5 21.
Be3 Bxe3 22. fxe3 h6 23. h3 Re6 24. Rab1 Qxa3 25. Rb5 Rfe8 26. Qf2 Qd6 27. Rd5 Qc6 28. Red1 Qxc4 29. Rd7 Rxe3 0-1

[Event "Late-Titled-Tuesday-Blitz-March-05-2024"]
[Site "Chess.com"]
[Date "2024.03.05"]
[Round "6"]
[White "baki83"]
[Black "DanielNaroditsky"]
[Result "1/2-1/2"]
[WhiteElo "2827"]
[BlackElo "3086"]
[TimeControl "180+1"]
[EndTime "15:05:11 PST"]
[Termination "Game drawn by repetition"]

1. e4 c5 2. Nf3 Nf6 3. e5 Nd5 4. Nc3 e6 5. g3 Nc6 6. Bg2 d6 7. exd6 Bxd6 8. Ne4 Be7 9. O-O e5 10.
Nc3 Be6 11. Re1 f6 12. d3 O-O 13. Bd2 Nc7 14. a3 Qd7 15. Rb1 Rad8 16. Ne4 c4 17. dxc4 Bxc4 18. Be3 Qf5 19. Nfd2 Bd5 20. Qe2 Qg6 21.
c4 Be6 22. Nc5 Bg4 23. f3 Bf5 24. Rbd1 Bc2 25. Rc1 b6 26. Nde4 Bxe4 27. Nxe4 Ne6 28. f4 exf4 29. gxf4 Ncd4 30. Qf2 Nf5 31. Kh1 Nxe3 32.
Qxe3 Bc5 33. Nxc5 Nxc5 34. b4 Nd3 35. Be4 Qxe4+ 36. Qxe4 Nf2+ 37. Kg2 Nxe4 38. Rxe4 Rd3 39. Re7 Rf7 40. Re8+ Rf8 41. Re7 Rf7 42. Re8+ Rf8 43. Re7 1/2-1/2

[Event "Late-Titled-Tuesday-Blitz-March-05-2024"]
[Site "Chess.com"]
[Date "2024.03.05"]
[Round "6"]
[White "Rud_2008"]
[Black "vugarrasulov"]
[Result "1-0"]
[WhiteElo "2774"]
[BlackElo "2940"]
[TimeControl "180+1"]
[EndTime "15:05:14 PST"]
[Termination "Rud_2008 won on time"]

1. e4 e5 2. Nf3 Nc6 3. Nc3 Nf6 4. d4 exd4 5. Nxd4 d6 6. Be2 Be7 7. O-O O-O 8. h3 Re8 9. Be3 Bf8 10. Nxc6 bxc6 11.
Bd3 a5 12. b3 d5 13. exd5 cxd5 14. Qd2 c5 15. Bg5 Bb7 16. Rae1 Rxe1 17. Rxe1 d4 18. Ne4 Bxe4 19. Bxf6 Qxf6 20. Bxe4 Ra7 21. Bd3 g6 22. a4 Kg7 23. Bc4 Bd6 24. g3 h5 25. h4 Qf5 26.
Kg2 Be7 27. Qd3 Qf6 28. Qf3 Qxf3+ 29. Kxf3 Rc7 30. Ke4 Rd7 31. Kd3 Kf6 32. Bb5 Rd5 33. Kc4 Rf5 34. f4 Bd6 35. Bd7 Bxf4 36. Bxf5 Bxg3 37. Rg1 Bxh4 38. Bd3 g5 39. Kb5 g4 40. Kxa5 Bf2 41. Rh1 g3 42. Bf1 Kg5 43. Kb5 f5 44.
a5 c4 45. Kxc4 d3 46. Kxd3 f4 47. Ke4 Kg4 48. Be2+ Kg5 49. Kf3 h4 50. b4 Bd4 51. c4 Bc3 52. a6 Bd4 53. c5 h3 54.
Rxh3 1-0

[Event "Late-Titled-Tuesday-Blitz-March-05-2024"]
[Site "Chess.com"]
[Date "2024.03.05"]
[Round "6"]
[White "Bykov_Egor"]
[Black "cthulhuuu"]
[Result "1-0"]
[WhiteElo "2596"]
[BlackElo "2443"]
[TimeControl "180+1"]
[EndTime "15:05:14 PST"]
[Termination "Bykov_Egor won on time"]

1. e4 d6 2. d4 Nf6 3. Nc3 c6 4. f4 Qb6 5. Nf3 Bg4 6. Be2 e6 7. h3 Bxf3 8. Bxf3 d5 9. e5 Nfd7 10. O-O c5 11. Na4 Qc7 12. Be3 cxd4 13. Bxd4 Nc6 14. Bf2 b5 15. Nc3 a6 16. Nxd5 exd5 17.
Qxd5 Rc8 18. e6 fxe6 19. Qxe6+ Ne7 20. Rfe1 Nc5 21. Bh5+ g6 22. Bxg6+ hxg6 23. Qxg6+ Kd8 24. Rad1+ Nd7 25. Qf6 Rg8 26. Qe6 Qc6 27. Bb6+ Ke8 28. Qxg8 Qxb6+ 29. Kh1 Rxc2 30. f5 Qc6 31. Re6 1-0

[Event "Late-Titled-Tuesday-Blitz-March-05-2024"]
[Site "Chess.com"]
[Date "2024.03.05"]
[Round "6"]
[White "mac0504"]
[Black "Elsa167"]
[Result "0-1"]
[WhiteElo "2717"]
[BlackElo "2901"]
[TimeControl "180+1"]
[EndTime "15:05:15 PST"]
[Termination "Elsa167 won on time"]

1. c4 Nf6 2. Nc3 g6 3. e4 d6 4. d4 Bg7 5. Be2 Nbd7 6. Be3 e5 7. d5 Nc5 8. Qc2 Ng4 9. Bxg4 Bxg4 10. f3 Bc8 11. Nge2 O-O 12. g4 Bh6 13. Bxh6 Qh4+ 14.
Ng3 Qxh6 15. Qd2 Qf4 16. b4 Qxd2+ 17. Kxd2 Na6 18. a3 c5 19. b5 Nb8 20. h4 Kg7 21. h5 Kf6 22. hxg6 hxg6 23. Rh7 Nd7 24.
Ke3 Kg5 25. Rah1 Nf6 26. R7h4 Bd7 27. Nd1 a6 28. b6 Ba4 29. Nf2 Nd7 30. Rh7 Nxb6 31.
Kd3 Nd7 32. Nh3+ Kf6 33. g5+ Ke7 34. Nf2 b5 35. Ng4 Bb3 36. cxb5 axb5 37. Rg7 Rxa3 38. Kd2 Bc4 39. Rhh7 Rxf3 0-1

[Event "Late-Titled-Tuesday-Blitz-March-05-2024"]
[Site "Chess.com"]
[Date "2024.03.05"]
[Round "6"]
[White "KerryStead"]
[Black "tolimachess"]
[Result "0-1"]
[WhiteElo "2065"]
[BlackElo "2442"]
[TimeControl "180+1"]
[EndTime "15:05:15 PST"]
[Termination "tolimachess won on time"]

1. d4 Nf6 2. f3 c5 3. d5 e5 4. c4 d6 5. e4 h6 6. Ne2 a6 7.
Nec3 Nbd7 8. Be3 Be7 9. a4 Nf8 10.
Na3 b6 11. Qd2 g5 12. Be2 Ng6 13. g3 Bh3 14. Rg1 g4 15. f4 exf4 16. gxf4 Qd7 17. O-O-O O-O-O 18. Bd3 Nh5 19. Rde1 Ngxf4 20. Bc2 Bg5 21.
Kb1 Rde8 22. a5 Kb7 23. axb6 Re5 24. Ba4 Qe7 25. Bc6+ Kxb6 26. Na4+ Ka7 27. Qa5 Rb8 28. Nb5+ Rxb5 29. cxb5 Kb8 30. bxa6 Qa7 31. Qd8+ Bxd8 32. Bb7 Rxe4 33. Nc3 Re5 34. Kc2 Qb6 35. Ra1 Ka7 36.
Bc6 Rxe3 37. Nb5+ Qxb5 38. Bxb5 Nxd5 39. Rgd1 Nb4+ 40. Kb1 Bf6 41. Ra3 Re6 42. Bc4 Re4 43. Bxf7 Nf4 44. Rb3 d5 45. Kc1 h5 46. Ra3 Bg2 47. Ra5 Rc4+ 48. Kb1 Be4+ 49. Ka1 Rc2 50. Rb1 Nfd3 51. Rb5 Nxb2 52. Rxb4 cxb4 0-1

[Event "Late-Titled-Tuesday-Blitz-March-05-2024"]
[Site "Chess.com"]
[Date "2024.03.05"]
[Round "6"]
[White "Mr_Heisenberg13"]
[Black "Ykow"]
[Result "1-0"]
[WhiteElo "2837"]
[BlackElo "2540"]
[TimeControl "180+1"]
[EndTime "15:05:17 PST"]
[Termination "Mr_Heisenberg13 won on time"]

1. e4 c5 2. Nf3 d6 3. d4 cxd4 4.
Nxd4 Nf6 5. Nc3 e5 6. Bb5+ Nbd7 7. Nf5 a6 8. Ba4 b5 9. Bb3 Nc5 10. Bg5 Bxf5 11. exf5 Be7 12. Bxf6 Bxf6 13. Nd5 O-O 14. O-O e4 15. c3 Be5 16. Qh5 Rc8 17. Rfe1 g6 18.
Qg4 Kg7 19. Rad1 h5 20. Qh3 Qg5 21. fxg6 fxg6 22. Bc2 Rce8 23. Ne3 Qf4 24. Re2 Qg5 25. b4 Ne6 26. Nd5 Nf4 27. Nxf4 Rxf4 28. Rxe4 Rxe4 29.
Bxe4 Qg4 30. Qxg4 hxg4 31. Bb7 Bxc3 32. Bxa6 Bxb4 33. Bxb5 Re5 34. Bd7 Re4 35. Kf1 Kf6 36.
a4 Rf4 37. Rb1 Ke7 38. Bb5 Bc5 39. Rb2 Kd8 40. a5 Kc7 41. Bd3 g5 42. a6 Rd4 43.
Rb7+ Kc6 44. Bb5+ Kd5 45. Ke2 Rb4 46. Kd3 Bxf2 47. Bc6+ Kc5 48. a7 1-0

[Event "Late-Titled-Tuesday-Blitz-March-05-2024"]
[Site "Chess.com"]
[Date "2024.03.05"]
[Round "6"]
[White "Shahdad2007"]
[Black "Qvalda"]
[Result "1-0"]
[WhiteElo "2573"]
[BlackElo "2435"]
[TimeControl "180+1"]
[EndTime "15:05:17 PST"]
[Termination "Shahdad2007 won on time"]

1. Nf3 d5 2. c4 dxc4 3. e3 Bg4 4. Bxc4 e6 5. Nc3 Nf6 6. O-O Nbd7 7. Be2 Bb4 8. b3 O-O 9. Bb2 Qe7 10. a3 Bxc3 11. Bxc3 c5 12. Qc2 Rfd8 13. d3 Rac8 14. h3 Bf5 15. e4 Bg6 16. Rfd1 h6 17. Rac1 b5 18. Bb2 Nb6 19. Qd2 Nxe4 20. Qa5 Nd6 21. Ne5 Nd5 22. Nxg6 fxg6 23. Bf3 Kh7 24. Be5 Qg5 25.
Bxd6 Rxd6 26. Qxb5 Nf4 27. Kh2 Qe5 28. Kh1 Qb2 29.
Rxc5 Rxc5 30. Qxc5 Rxd3 31. Rxd3 Nxd3 32. Qe3 Qxb3 33. Be4 Qd1+ 34. Kh2 Ne5 35. f4 Nf7 36. Bxg6+ Kxg6 37. Qxe6+ Kh7 38. Qxf7 Qd3 39. a4 a5 40.
Qe6 Qc2 41. Qd7 Qc1 42. Qd3+ Kh8 43. Qd4 Qc2 44. Kg3 Qb3+ 45. Kg4 Qe6+ 46. Kf3 Qc6+ 47.
Kg3 Qc7 48. Qe4 Kg8 49. Kg4 Qd7+ 50. f5 Qc7 51. f6 1-0

[Event "Late-Titled-Tuesday-Blitz-March-05-2024"]
[Site "Chess.com"]
[Date "2024.03.05"]
[Round "6"]
[White "Jahonas"]
[Black "jinxy2009"]
[Result "1/2-1/2"]
[WhiteElo "2382"]
[BlackElo "2196"]
[TimeControl "180+1"]
[EndTime "15:05:17 PST"]
[Termination "Game drawn by stalemate"]

1. d4 Nf6 2. c4 g6 3. Nc3 d5 4. Bf4 Bg7 5. e3 O-O 6. Nf3 c5 7. Qb3 cxd4 8. Nxd4 Nc6 9. Nxc6 bxc6 10. Rd1 Qa5 11. Be2 Ne4 12. O-O Nxc3 13. bxc3 Qxc3 14.
Qxc3 Bxc3 15. cxd5 cxd5 16. Rxd5 Be6 17. Rc5 Rac8 18.
Rxc8 Rxc8 19. Rc1 f6 20. a4 Kf7 21. h3 Bd7 22. Bb5 Bxb5 23. axb5 e5 24. Bg3 Rc7 25. Kf1 Ba5 26. Rxc7+ Bxc7 27. Ke2 Ke6 28. Kd3 Kd5 29. e4+ Kc5 30. f4 Kxb5 31. Bh4 f5 32. fxe5 Bxe5 33.
exf5 gxf5 34. g4 f4 35. Ke4 Bc7 36. Be7 a5 37. h4 a4 38. g5 Kc6 39. Ba3 Bd6 40.
Bc1 Kd7 41. h5 a3 42. Bxa3 Bxa3 43. Kxf4 Ke7 44. Kf5 Kf8 45. g6 h6 46. Kf6 Bb2+ 47. Kf5 Kg7 48. Kg4 Kf6 49. Kh3 Kg5 50. Kg2 Kxh5 51.
Kh1 Kxg6 52. Kg1 h5 53. Kh1 h4 54. Kg1 Kh5 55. Kh1 Kg4 56. Kg1 h3 57. Kh1 Kg3 58. Kg1 h2+ 59. Kh1 Bc3 1/2-1/2

[Event "Late-Titled-Tuesday-Blitz-March-05-2024"]
[Site "Chess.com"]
[Date "2024.03.05"]
[Round "6"]
[White "K_A_S_T_O_R"]
[Black "Sanan_Sjugirov"]
[Result "1-0"]
[WhiteElo "2837"]
[BlackElo "2988"]
[TimeControl "180+1"]
[EndTime "15:05:20 PST"]
[Termination "K_A_S_T_O_R won on time"]

1. e4 c6 2. d4 d5 3. exd5 cxd5 4. c4 Nf6 5. Nc3 Nc6 6. Bg5 Ne4 7. cxd5 Nxc3 8.
bxc3 Qxd5 9. Be3 e5 10. Nf3 Bg4 11. Be2 exd4 12. cxd4 Bb4+ 13. Kf1 O-O 14. Qb3 Be6 15. Qc2 Bf5 16. Qb3 Qxb3 17. axb3 Rfd8 18. Bc4 Na5 19.
Ke2 a6 20. Ne5 Nxc4 21. bxc4 Bc3 22. Rad1 Rac8 23. c5 Be6 24. Rd3 Ba5 25. Ra3 Bb4 26. Ra4 a5 27. Rc1 Bb3 28. Raa1 a4 29. Nc4 b5 30. Nb6 Rc6 31. Rab1 Ba3 32. d5 Rxb6 33. cxb6 Bxc1 34. Rxc1 Bxd5 35. Rc5 Bb7 36. Rc7 Bxg2 37. f3 1-0

[Event "Late-Titled-Tuesday-Blitz-March-05-2024"]
[Site "Chess.com"]
[Date "2024.03.05"]
[Round "6"]
[White "Cambek64"]
[Black "rickywsb"]
[Result "1/2-1/2"]
[WhiteElo "2476"]
[BlackElo "2367"]
[TimeControl "180+1"]
[EndTime "15:05:20 PST"]
[Termination "Game drawn by repetition"]

1. e4 c5 2. Nc3 Nc6 3. d3 g6 4. Be3 d6 5. d4 Bg7 6. dxc5 Qa5 7. cxd6 exd6 8. Bd2 Nge7 9. Nf3 Bg4 10. Be2 Qb6 11. O-O O-O 12. h3 Be6 13. Rb1 Rad8 14. Be3 Qc7 15. Nd4 a6 16. f4 Nxd4 17. Bxd4 Bxd4+ 18. Qxd4 Qc5 19. Rbd1 Nc6 20. Qxc5 dxc5 21. e5 Nd4 22.
Bd3 b5 23. Kf2 f5 24. Ne2 Bxa2 25. b3 Nxe2 26. Bxe2 c4 27. Rxd8 Rxd8 28. Ra1 cxb3 29. cxb3 Bxb3 30. Rxa6 Bc4 31. Rd6 Rxd6 32. exd6 Kf7 33.
Bxc4+ bxc4 34. Ke3 Ke6 35. Kd4 Kxd6 36. Kxc4 Kc6 37.
Kd4 Kd6 38. g3 h6 39. Kc4 Kc6 40. h4 h5 41. Kd4 Kd6 42. Kc4 Kc6 43. Kd4 Kd6 44.
Kc4 Kc6 1/2-1/2

[Event "Late-Titled-Tuesday-Blitz-March-05-2024"]
[Site "Chess.com"]
[Date "2024.03.05"]
[Round "6"]
[White "grzechu96"]
[Black "Perecke"]
[Result "1-0"]
[WhiteElo "2736"]
[BlackElo "2542"]
[TimeControl "180+1"]
[EndTime "15:05:22 PST"]
[Termination "grzechu96 won on time"]

1. e4 c5 2. Nf3 e6 3. g3 Nc6 4.
Bg2 g6 5. O-O Bg7 6. c3 Nge7 7.
d4 cxd4 8. cxd4 d5 9. e5 O-O 10. Nc3 b6 11. Bf4 a5 12. Qd2 Ba6 13. Rfd1 Rc8 14. h4 f6 15. exf6 Bxf6 16. Re1 Qd7 17. Qe3 Nd8 18. Ne5 Qe8 19. Bh3 Nf5 20. Bxf5 exf5 21. Nxd5 Bxe5 22. Qxe5 Qxe5 23. Bxe5 Nc6 24. Nxb6 Rcd8 25. d5 Nxe5 26. Rxe5 f4 27. Rd1 fxg3 28. fxg3 Rf3 29. Kg2 Rdf8 30. Rd2 Bf1+ 31. Kh2 Rb8 32. d6 Bb5 33. d7 Bxd7 34. Nxd7 Rb4 35. Re7 h5 36. b3 g5 37. Rd6 gxh4 38. Ne5 hxg3+ 39. Kg2 1-0

[Event "Late-Titled-Tuesday-Blitz-March-05-2024"]
[Site "Chess.com"]
[Date "2024.03.05"]
[Round "6"]
[White "ccccvhhhj"]
[Black "kalxandria"]
[Result "1-0"]
[WhiteElo "2464"]
[BlackElo "2196"]
[TimeControl "180+1"]
[EndTime "15:05:22 PST"]
[Termination "ccccvhhhj won on time"]

1. e4 e6 2. Nf3 d5 3. e5 c5 4.
b4 b6 5. bxc5 bxc5 6. c3 Nc6 7.
d4 Qc7 8. Bd3 cxd4 9. cxd4 Bb4+ 10. Bd2 Bxd2+ 11. Nbxd2 Nge7 12. O-O h6 13. Rc1 O-O 14.
Nb3 a5 15. Bb1 a4 16. Nc5 Qa5 17. Qc2 Ng6 18. h4 Nb4 19. Qd2 Ba6 20. Rfd1 Bc4 21. a3 Nc6 22. Qc2 Rfb8 23. Nxe6 Nce7 24. h5 fxe6 25.
hxg6 Bb3 26. Qe2 Bxd1 27. Rxd1 Rb7 28. Rc1 Rab8 29. Bd3 Rb2 30. Qe3 Qb6 31. Kh2 Qb3 32.
Rc7 Nf5 33. Bxf5 exf5 34. Qf4 Qb6 35. e6 Qxe6 36. Ne5 Re8 37. Qc1 Re2 38. Qc5 Rxe5 39.
dxe5 Qxe5+ 40. Kg1 Qe1+ 41. Kh2 Qe5+ 42. g3 Qe6 43. Qa7 Qxg6 44. Qb7 Qh5+ 45. Kg2 Qg4 46. Qxd5+ Kh8 47. Rc4 Qg6 48. Rf4 Rf8 49. Rxa4 f4 50. Qf3 1-0

[Event "Late-Titled-Tuesday-Blitz-March-05-2024"]
[Site "Chess.com"]
[Date "2024.03.05"]
[Round "6"]
[White "shirovin"]
[Black "esrosenberg"]
[Result "0-1"]
[WhiteElo "2074"]
[BlackElo "2448"]
[TimeControl "180+1"]
[EndTime "15:05:22 PST"]
[Termination "esrosenberg won on time"]

1. e4 e6 2. d3 d5 3. Nd2 Nf6 4. Ngf3 Nc6 5. g3 dxe4 6. dxe4 Bc5 7. Bg2 e5 8. O-O O-O 9. c3 a5 10. h3 a4 11. Nc4 Qe7 12. Re1 Rd8 13. Qc2 b6 14. Ne3 g6 15. h4 a3 16. b4 Bd6 17.
Nd5 Nxd5 18. exd5 Nb8 19. Nd4 Qd7 20. Bg5 exd4 21. Bxd8 Qxd8 22. c4 Bf5 23. Be4 Bxe4 24. Qxe4 Bxb4 25. Qe8+ Qxe8 26. Rxe8+ Kg7 27. Rc8 d3 28.
Rd1 d2 29. Kf1 Kf6 30. Ke2 Ke7 31. Rxc7+ Kd6 32. Rxf7 Nd7 33. Rxh7 Re8+ 34. Kd3 Nc5+ 35. Kc2 Re2 36. Rf7 Ne4 0-1

[Event "Late-Titled-Tuesday-Blitz-March-05-2024"]
[Site "Chess.com"]
[Date "2024.03.05"]
[Round "6"]
[White "Fh2411"]
[Black "MusicCityMaster"]
[Result "1-0"]
[WhiteElo "2651"]
[BlackElo "2504"]
[TimeControl "180+1"]
[EndTime "15:05:23 PST"]
[Termination "Fh2411 won on time"]

1. d4 Nf6 2. Nf3 g6 3. c4 c5 4. d5 b5 5. cxb5 a6 6. e3 axb5 7. Bxb5 Qa5+ 8. Nc3 Bb7 9. O-O Bg7 10. a4 O-O 11. e4 d6 12. Bd2 Qb6 13. Re1 Ng4 14. Bg5 Qc7 15. Qd2 Na6 16. h3 Ne5 17. Nxe5 Bxe5 18. Bf4 Bg7 19. Bh6 Nb4 20. Bxg7 Kxg7 21. f4 f6 22. Re3 Ba6 23. Rae1 Bxb5 24. Nxb5 Qb6 25. b3 c4 26. Qxb4 cxb3 27. Qxb3 Rfc8 28. Kh2 Rc5 29. e5 dxe5 30. fxe5 f5 31. d6 f4 32. Rf3 exd6 33. exd6 Rf8 34. Qb2+ Kh6 35. Re7 Rg8 36. Qf6 Rg5 37. Qf7 Rh5 38. Qxf4+ Rg5 39. h4 1-0

[Event "Late-Titled-Tuesday-Blitz-March-05-2024"]
[Site "Chess.com"]
[Date "2024.03.05"]
[Round "6"]
[White "WilsonPalencia21"]
[Black "szachmistrz2500"]
[Result "1-0"]
[WhiteElo "2576"]
[BlackElo "2437"]
[TimeControl "180+1"]
[EndTime "15:05:24 PST"]
[Termination "WilsonPalencia21 won by resignation"]

1. d4 c5 2. d5 e5 3. c4 d6 4.
Nc3 Be7 5. Nf3 f5 6. e4 Nf6 7. Bd3 f4 8. h3 O-O 9. Qe2 Na6 10. a3 Nc7 11. Bd2 a6 12. b4 b6 13. bxc5 bxc5 14.
O-O Bd7 15. Rfb1 Rb8 16. Rxb8 Qxb8 17. Rb1 Qa7 18. Qd1 Rb8 19. Bc2 Rb7 20. Rxb7 Qxb7 21.
Qb1 Qxb1+ 22. Nxb1 h6 23. Nc3 g5 24. Ne1 h5 25. Kf1 g4 26. hxg4 hxg4 27. Ba4 Bc8 28. f3 Nce8 29. Bxe8 Nxe8 30. Na4 Bd8 31. Nd3 Nf6 32.
Ke2 Nh5 33. Be1 Kf7 34. Bf2 Kg6 35. Naxc5 dxc5 36. Nxe5+ Kg7 37. Bxc5 g3 38. Nd3 Kf7 39. Bd6 Bg5 40. c5 a5 41. Ne5+ Ke8 42. Kf1 Ba6+ 43. Kg1 Bf6 44. a4 Ng7 45. Nc6 Bb7 46. e5 Bd8 47. Nxd8 Kxd8 48. c6 Ba6 49. e6 Bc4 50. Be5 Ne8 51. d6 Bxe6 52. Bxf4 Bb3 53.
Bg5+ Kc8 54. d7+ 1-0

[Event "Late-Titled-Tuesday-Blitz-March-05-2024"]
[Site "Chess.com"]
[Date "2024.03.05"]
[Round "6"]
[White "N_Mullodzhanov"]
[Black "Sajkochess"]
[Result "1-0"]
[WhiteElo "2502"]
[BlackElo "2325"]
[TimeControl "180+1"]
[EndTime "15:05:25 PST"]
[Termination "N_Mullodzhanov won by resignation"]

1. e4 c6 2. c4 d5 3. cxd5 cxd5 4.
exd5 Nf6 5. Nc3 Nxd5 6. Bc4 Nb6 7. Bb3 Nc6 8. Nf3 e5 9. O-O Be7 10. Re1 O-O 11. Nxe5 Nxe5 12. Rxe5 Bd6 13. Re1 Qh4 14. g3 Qh3 15. Ne4 Be5 16. d4 Bg4 17. f3 Rad8 18. fxg4 Bxd4+ 19. Kh1 Bc3 20. bxc3 Rxd1 21. Bxd1 Re8 22.
Nf6+ gxf6 23. Rxe8+ Kg7 24. Re1 Nc4 25. Bf4 h5 26.
gxh5 Qf5 27. Bf3 Ne5 28. Be4 Qxh5 29. Bxe5 Qxe5 30. Bxb7 Qxc3 31. Bg2 a5 32. a4 f5 33.
Rec1 Qb2 34. Rab1 Qa2 35. Bc6 Qd2 36. Rc5 Qd6 37. Rbc1 f4 38. Rd5 Qh6 39. gxf4 Qxf4 40. Rg1+ Kf8 41. Rxa5 Qf2 42. Ra7 f5 43. Bd5 Qxa7 44.
Rg8+ Ke7 45. Rg7+ Kd6 46. Rxa7 Kxd5 47. Rf7 1-0

[Event "Late-Titled-Tuesday-Blitz-March-05-2024"]
[Site "Chess.com"]
[Date "2024.03.05"]
[Round "6"]
[White "Heydarli77"]
[Black "averageFM"]
[Result "1-0"]
[WhiteElo "2410"]
[BlackElo "2577"]
[TimeControl "180+1"]
[EndTime "15:05:26 PST"]
[Termination "Heydarli77 won on time"]

1. e4 c5 2. Nc3 e6 3. g3 d5 4. Bg2 Nf6 5. d3 Nc6 6. f4 Be7 7. e5 Nd7 8. Nf3 b5 9. O-O Qb6 10. Kh1 Bb7 11. Bd2 h5 12. h4 O-O-O 13. Ne2 f6 14. Bh3 fxe5 15. Bxe6 e4 16. Ng5 Bxg5 17. fxg5 Ne5 18. Nf4 e3 19. Be1 d4+ 20. Kh2 Rhf8 21.
Qxh5 g6 22. Qe2 Rde8 23. Bh3 Kb8 24. c3 c4 25. cxd4 cxd3 26. Nxd3 Nf3+ 27. Rxf3 Bxf3 28. Qc2 Qxd4 29. Bc3 Qd6 30. Bb4 Qd5 31. Bxf8 Rxf8 32. Re1 Rc8 33. Qb3 Qd4 34. Bxd7 Qxd7 35. Rxe3 Bd5 36.
Qd1 Bb7 37. Nf2 Qc6 38. Ne4 Re8 39. Qe2 1-0

[Event "Late-Titled-Tuesday-Blitz-March-05-2024"]
[Site "Chess.com"]
[Date "2024.03.05"]
[Round "6"]
[White "norwaytoadog"]
[Black "yaguigor"]
[Result "1-0"]
[WhiteElo "2304"]
[BlackElo "2564"]
[TimeControl "180+1"]
[EndTime "15:05:27 PST"]
[Termination "norwaytoadog won by resignation"]

1. e4 d6 2. d4 Nf6 3. Nc3 c6 4. Be3 Ng4 5. Bf4 Qb6 6. h3 e5 7. hxg4 exf4 8. Qd2 Bxg4 9. Be2 Bxe2 10. Ngxe2 g5 11.
O-O-O Bg7 12. Rh5 h6 13. f3 Nd7 14. g3 fxg3 15. Nxg3 O-O-O 16. Nf5 Bf8 17. Rdh1 Nf6 18. Rxg5 hxg5 19. Rxh8 g4 20. fxg4 d5 21. e5 Ne4 22.
Nxe4 dxe4 23. Qg5 Qa5 24. Nd6+ Bxd6 25. Qxd8+ Qxd8 26. Rxd8+ Kxd8 27. exd6 Kd7 28. Kd2 Kxd6 29. c4 c5 30. Ke3 cxd4+ 31. Kxd4 e3 32. Kxe3 Ke5 33.
b4 a6 34. a4 b6 35. Kd3 a5 36. c5 bxc5 37. bxa5 Kd5 38. a6 Kc6 39. Kc4 Kb6 40.
a7 Kxa7 41. Kxc5 Ka6 42. Kd6 Ka5 43. Ke7 Kxa4 44. Kxf7 1-0